 Dungeon Crawl Stone Soup version 0.31.0-12-g77e489cdc1 (webtiles) character file.

Game seed: 16977941602676280420

25 Gadfly the Sneak (level 2, -1/14 HPs)
             Began as a Spriggan Enchanter on Feb 18, 2024.
             Slain by an adder (3 damage)
             ... on level 2 of the Dungeon.
             The game lasted 00:02:18 (1100 turns).

Gadfly the Sneak (Spriggan Enchanter)               Turns: 1100, Time: 00:02:20

Health: -1/14      AC:  3    Str:  4    XL:     2   Next: 82%
Magic:  6/6        EV: 17    Int: 16    God:
Gold:   818        SH:  0    Dex: 15    Spells: 4/6 levels left

rFire   . . .        a - +1 dagger
rCold   . . .        (no shield)
rNeg    . . .        b - +1 robe
rPois   .            (helmet restricted)
rElec   .            (no cloak)
rCorr   .            (gloves unavailable)
SInv    +            (boots unavailable)
Will    .....        d - amulet of the acrobat
Stlth   +            (no ring)
HPRegen 0.22/turn    (no ring)
MPRegen 0.10/turn

%: acrobat
@: lethally poisoned (-1 -> -8), silenced (expiring), slow
A: very small, no large weapons, unfitting armour, see invisible, speed 3
a: no special abilities


You were on level 2 of the Dungeon.
You visited 1 branch of the dungeon, and saw 2 of its levels.

You collected 818 gold pieces.

Inventory:

Hand Weapons
 a - a +1 dagger (weapon)
Armour
 b - a +1 robe (worn)
Jewellery
 d - an amulet of the acrobat (around neck)
Potions
 c - 2 potions of invisibility
 e - a potion of cancellation {unknown}


   Skills:
 + Level 0.4 Fighting
 + Level 1.7 Short Blades
 + Level 3.0 Dodging
 + Level 4.6 Stealth
 + Level 2.8 Spellcasting
 + Level 3.9 Hexes
 + Level 1.0 Evocations


You had 4 spell levels left.
You knew the following spells:

 Your Spells              Type           Power      Damage    Failure   Level
a - Ensorcelled Hibernat  Hex/Ice        16%        N/A       13%         2

Your spell library contained the following spells:

 Spells                   Type           Power      Damage    Failure   Level
 Confusing Touch          Hex            14%        N/A       12%         3
 Tukima's Dance           Hex            14%        N/A       12%         3
 Dazzling Flash           Conj/Hex       16%        N/A       26%         3


Dungeon Overview and Level Annotations

Branches:
Dungeon (2/15)

Altars:


Innate Abilities, Weirdness & Mutations

You are very small and have problems with some larger weapons.
You are too small for most types of armour.
You have supernaturally acute eyesight. (SInv)
You cover ground extremely quickly. (Speed+++)


Message History

The adder misses you. The adder closely misses you.
You barely miss the adder.
The adder is lightly wounded.
A nearby plant withers and dies.
The adder closely misses you. The adder bites you.
You are poisoned.
The adder poisons you! The kobold hits you but does no damage.
You completely miss the adder.
The adder is lightly wounded.
You feel sick. The adder closely misses you.
The adder bites you but does no damage. The kobold completely misses you.
You hit the adder.
The adder is moderately wounded.
You feel sick. The adder barely misses you. The adder bites you.
The kobold completely misses you.
You are too injured to fight recklessly!
You are too injured to fight recklessly!
You are too injured to fight recklessly!
You are too injured to fight recklessly!
You are too injured to fight recklessly!
You are too injured to fight recklessly!
You are too injured to fight recklessly!
You are too injured to fight recklessly!
You are too injured to fight recklessly!
You are too injured to fight recklessly!
You are too injured to fight recklessly!
You are too injured to fight recklessly!
You are too injured to fight recklessly!
You are too injured to fight recklessly!
You are too injured to fight recklessly!
You are too injured to fight recklessly!
Unknown command.
You hit the plant.
The plant begins to die.
The plant is lightly damaged.
You feel sick. The adder bites you.
* * * LOW HITPOINT WARNING * * *
You are more poisoned.
The adder poisons you! The adder bites you but does no damage.
The kobold barely misses you. The adder bites you.
You die...

#######............#
...................###
#######.##....###.†)..
#.###...####.### #.#
#....##.#.##
.########.#
##.#.#.###..
..........#
#.#.##.#.##
.~~.~~PKP~# #.#.###.##
P.PP~P♣@~~# #.#.# #.#
~~♣≈~~SS~.#
##.#.###.### ♣~P.P.P##
#...........
♣~~PP..... ...........
♣~~P..#####
#.#.###.### P~~~.#
#.....## ♣PP##
#......## ♣~P
##.#..... #.#...##


You could see 2 adders and a kobold.

Vanquished Creatures
  2 endoplasms (D:1)
  3 giant cockroaches
  A goblin (D:1)
  4 jackals (D:1)
  3 kobolds
  2 quokkas (D:1)
  3 ball pythons (D:1)
  2 bats (D:1)
  A frilled lizard (D:2)
  2 rats (D:1)
23 creatures vanquished.

Notes
Turn   | Place    | Note
-------+----------+-------------------------------------------
     0 | D:1      | Gadfly the Spriggan Enchanter began the quest for the Orb.
     0 | D:1      | Reached XP level 1. HP: 9/9 MP: 5/5
   155 | D:1      | Reached XP level 2. HP: 13/13 MP: 6/6
   158 | D:1      | Learned a level 2 spell: Ensorcelled Hibernation
   942 | D:1      | Identified a scroll of acquirement
   943 | D:1      | Acquired 713 gold pieces
  1006 | D:2      | Reached skill level 1 in Evocations
  1100 | D:2      | Slain by an adder

Illustrated notes

Levels and vault maps discovered:
D:1:      minmay_arrival_three_doors, layout_basic
D:2:      layout_loops_ring, serial_bayou, serial_bayou_lagoon_a,
          serial_bayou_ford_a, serial_bayou_pond_d, serial_bayou_pond_d,
          serial_bayou_pond_e, minmay_misc_feat_doors, uniq_robin, uniq_sigmund

Skill      XL: |  1  2 |
---------------+-------+-----
Dodging        | 3 |  3.0
Evocations     | 1 |  1.0
Fighting       | |  0.4
Short Blades   | |  1.7
Stealth        | |  4.6
Spellcasting   | |  2.8
Hexes          | |  3.9

Action                     || total
---------------------------++-------
  Melee: Dagger            ||    94
         Punch             ||     2
   Cast: Ensorcelled Hiber ||     2
    Use: Scroll            ||     4
   Stab: Sleeping          ||     9
 Armour: Robe              ||    35
  Dodge: Dodged            ||   108
